TOP OF THE 1ST |
Tuscaloosa Trout Slayers batting - Pitching for Richmond Flairs : LHP Jesús López
|
Pitching: LHP Jesús López
|
|
Batting: RHB Alfredo Díaz
|
0-0: Ball 1-0: Ball 2-0: Ground out 5-3 (Groundball, 56)
|
Batting: RHB Juan Reyes
|
0-0: Foul Ball, location: 2F 0-1: Ball 1-1: Ground out U3 (Groundball, 34)
|
Batting: LHB Ed Hart
|
0-0: Ball 1-0: Ball 2-0: SINGLE (Line Drive, 8LS)
|
Batting: RHB José Fernández
|
0-0: Ball 1-0: Foul Ball, location: 2F 1-1: Ball 2-1: Swinging Strike 2-2: Foul Ball, location: 2F 2-2: Foul Ball, location: 2F 2-2: Foul Ball, location: 2F 2-2: SINGLE (Line Drive, 6D) Ed Hart to second
|
Batting: LHB Marcos Villarreal
|
0-0: Ball 1-0: SINGLE (Flyball, 7S) Ed Hart to third José Fernández to second Runner from 3rd tries for Home, throw and OUT!
|
Top of the 1st over - 0 runs, 3 hits, 0 errors, 2 left on base; Tuscaloosa 0 - Richmond 0 |
BOTTOM OF THE 1ST |
Richmond Flairs batting - Pitching for Tuscaloosa Trout Slayers : RHP Tom Cunningham
|
Pitching: RHP Tom Cunningham
|
|
Batting: RHB Lonson Seals
|
0-0: Ball 1-0: Ball 2-0: Swinging Strike 2-1: Foul Ball, location: 2F 2-2: Fly out, F7 (Flyball, 7LM)
|
Batting: RHB Jack Ray
|
0-0: Swinging Strike 0-1: Called Strike 0-2: Strikes out swinging
|
Batting: RHB R.J. Crosby
|
0-0: Called Strike 0-1: Called Strike 0-2: Fly out, F7 (Flyball, 7S)
|
Bottom of the 1st over - 0 runs, 0 hits, 0 errors, 0 left on base; Tuscaloosa 0 - Richmond 0 |
TOP OF THE 2ND |
Tuscaloosa Trout Slayers batting - Pitching for Richmond Flairs : LHP Jesús López
|
Batting: LHB Miguel Rosa
|
0-0: Foul Ball, location: 2F 0-1: Foul Ball, location: 2F 0-2: Strikes out swinging
|
Batting: RHB Jason Saunders
|
0-0: Called Strike 0-1: Called Strike 0-2: Foul Ball, location: 2F 0-2: Ball 1-2: Foul Ball, location: 2F 1-2: Strikes out swinging
|
Batting: LHB Mark Owens
|
0-0: Called Strike 0-1: Ball 1-1: Foul Ball, location: 2F 1-2: Ball 2-2: Foul Ball, location: 2F 2-2: Ball 3-2: Strikes out looking
|
Top of the 2nd over - 0 runs, 0 hits, 0 errors, 0 left on base; Tuscaloosa 0 - Richmond 0 |
BOTTOM OF THE 2ND |
Richmond Flairs batting - Pitching for Tuscaloosa Trout Slayers : RHP Tom Cunningham
|
Batting: LHB Luis Villa
|
0-0: Ball 1-0: Ball 2-0: Called Strike 2-1: Ground out 4-3 (Groundball, 4)
|
Batting: LHB Claudio Rodríguez
|
0-0: Ball 1-0: Foul Ball, location: 2F 1-1: Fly out, F7 (Flyball, 7D)
|
Batting: RHB Miguel Hernández
|
0-0: Ball 1-0: Called Strike 1-1: Foul Ball, location: 2F 1-2: Foul Ball, location: 2F 1-2: Strikes out swinging
|
Bottom of the 2nd over - 0 runs, 0 hits, 0 errors, 0 left on base; Tuscaloosa 0 - Richmond 0 |
TOP OF THE 3RD |
Tuscaloosa Trout Slayers batting - Pitching for Richmond Flairs : LHP Jesús López
|
Batting: RHB Greg Lee
|
0-0: Ball 1-0: Called Strike 1-1: Foul Ball, location: 2F 1-2: Reached on error, E8 (Flyball, 8RM)
|
Batting: RHB Alfredo Díaz
|
0-0: Called Strike 0-1: Foul Ball, location: 2F 0-2: Ball 1-2: Ball 2-2: Ball 3-2: Strikes out swinging
|
Batting: RHB Juan Reyes
|
0-0: Ball 1-0: Ball 2-0: Called Strike 2-1: Ball 3-1: Ground out 3-1 (Groundball, 34S) Greg Lee to second
|
Batting: LHB Ed Hart
|
0-0: Ball Wild Pitch! Greg Lee to third 1-0: Fly out, F9 (Flyball, 89XD)
|
Top of the 3rd over - 0 runs, 0 hits, 1 error, 1 left on base; Tuscaloosa 0 - Richmond 0 |
BOTTOM OF THE 3RD |
Richmond Flairs batting - Pitching for Tuscaloosa Trout Slayers : RHP Tom Cunningham
|
Batting: LHB R.J. Courtney
|
0-0: Ball 1-0: Ball 2-0: Ball 3-0: Base on Balls
|
Batting: RHB Christian Hudson
|
0-0: Swinging Strike 0-1: Fly out, F9 (Flyball, 89M)
|
Batting: RHB Alejandro Ramos
|
0-0: Swinging Strike 0-1: Ball 1-1: Called Strike 1-2: Strikes out swinging
|
Batting: RHB Lonson Seals
|
0-0: Called Strike 0-1: Fly out, F9 (Flyball, 9)
|
Bottom of the 3rd over - 0 runs, 0 hits, 0 errors, 1 left on base; Tuscaloosa 0 - Richmond 0 |
TOP OF THE 4TH |
Tuscaloosa Trout Slayers batting - Pitching for Richmond Flairs : LHP Jesús López
|
Batting: RHB José Fernández
|
0-0: Ball 1-0: Foul Ball, location: 2F 1-1: Foul Ball, location: 2F 1-2: Foul Ball, location: 2F 1-2: Foul Ball, location: 2F 1-2: Ball 2-2: Ball 3-2: SINGLE (Flyball, 7LS)
|
Batting: LHB Marcos Villarreal
|
0-0: Ball 1-0: Foul Ball, location: 2F 1-1: Ball 2-1: Ball 3-1: Foul Ball, location: 2F 3-2: Base on Balls José Fernández to second
|
Batting: LHB Miguel Rosa
|
0-0: Foul Ball, location: 2F 0-1: Ball 1-1: SINGLE (Line Drive, 7S) José Fernández to third Marcos Villarreal to second
|
Batting: RHB Jason Saunders
|
0-0: Ball 1-0: Called Strike 1-1: Called Strike 1-2: Strikes out swinging
|
Batting: LHB Mark Owens
|
0-0: Called Strike 0-1: Ball 1-1: Called Strike 1-2: Ball 2-2: SINGLE (Groundball, 6D) José Fernández scores Marcos Villarreal to third Miguel Rosa to second
|
Batting: RHB Greg Lee
|
0-0: Called Strike 0-1: Ball 1-1: Grounds into double play, 6-4-3 (Groundball, 56)
|
Top of the 4th over - 1 run, 3 hits, 0 errors, 2 left on base; Tuscaloosa 1 - Richmond 0 |
BOTTOM OF THE 4TH |
Richmond Flairs batting - Pitching for Tuscaloosa Trout Slayers : RHP Tom Cunningham
|
Batting: RHB Jack Ray
|
0-0: Ball 1-0: Ground out 4-3 (Groundball, 4)
|
Batting: RHB R.J. Crosby
|
0-0: Ball 1-0: Ball 2-0: Called Strike 2-1: Ball 3-1: DOUBLE (Line Drive, 8LD)
|
Batting: LHB Luis Villa
|
0-0: Called Strike 0-1: SINGLE (Groundball, 4D) R.J. Crosby to third Runner from 3rd tries for Home, throw and OUT! Luis Villa to second
|
Batting: LHB Claudio Rodríguez
|
0-0: Ball 1-0: Ball 2-0: DOUBLE (Flyball, 89D) Luis Villa scores
|
Batting: RHB Miguel Hernández
|
0-0: Called Strike 0-1: Ball 1-1: Foul Ball, location: 2F 1-2: Foul Ball, location: 2F 1-2: Strikes out swinging
|
Bottom of the 4th over - 1 run, 3 hits, 0 errors, 1 left on base; Tuscaloosa 1 - Richmond 1 |
TOP OF THE 5TH |
Tuscaloosa Trout Slayers batting - Pitching for Richmond Flairs : LHP Jesús López
|
Pitching: RHP Sandro Gonzáles
|
|
Batting: RHB Alfredo Díaz
|
0-0: Ball 1-0: Swinging Strike 1-1: Swinging Strike 1-2: Foul Ball, location: 2F 1-2: Ground out 6-3 (Groundball, 6)
|
Batting: RHB Juan Reyes
|
0-0: SINGLE (Line Drive, 9S)
|
Batting: LHB Ed Hart
|
0-0: Swinging Strike 0-1: Ball 1-1: Ball 2-1: Swinging Strike 2-2: Fly out, F5 (Line Drive, 5)
|
Batting: RHB José Fernández
|
0-0: Ball 1-0: Hit by Pitch Juan Reyes to second
|
Batting: LHB Marcos Villarreal
|
0-0: Called Strike 0-1: SINGLE (Groundball, 4MD) Juan Reyes to third José Fernández to second Runner from 3rd tries for Home, SAFE, no throw
|
Batting: LHB Miguel Rosa
|
0-0: Called Strike 0-1: Foul Ball, location: 2F 0-2: Ball 1-2: Foul Ball, location: 2F 1-2: Ball 2-2: Foul Ball, location: 2F 2-2: Foul Ball, location: 2F 2-2: Ball 3-2: Foul Ball, location: 2F 3-2: Base on Balls José Fernández to third Marcos Villarreal to second
|
Batting: RHB Jason Saunders
|
0-0: Called Strike 0-1: Ball 1-1: SINGLE (Groundball, 4D) José Fernández scores Marcos Villarreal to third Miguel Rosa to second Runner from 3rd tries for Home, SAFE, no throw
|
Pitching: LHP José Morán
|
|
Batting: LHB Mark Owens
|
0-0: Fly out, F6 (Line Drive, 56D)
|
Top of the 5th over - 3 runs, 3 hits, 0 errors, 2 left on base; Tuscaloosa 4 - Richmond 1 |
BOTTOM OF THE 5TH |
Richmond Flairs batting - Pitching for Tuscaloosa Trout Slayers : RHP Tom Cunningham
|
Batting: LHB R.J. Courtney
|
0-0: Ball 1-0: Called Strike 1-1: Swinging Strike 1-2: Ball 2-2: Fly out, F8 (Flyball, 8LM)
|
Batting: RHB Christian Hudson
|
0-0: Called Strike 0-1: Ball 1-1: Ball 2-1: Swinging Strike 2-2: Strikes out swinging
|
Batting: RHB Alejandro Ramos
|
0-0: SINGLE (Groundball, 6MD)
|
Batting: RHB Lonson Seals
|
0-0: Called Strike 0-1: SINGLE (Groundball, 6D) Alejandro Ramos to second
|
Batting: RHB Jack Ray
|
0-0: Foul Ball, location: 2F 0-1: Swinging Strike 0-2: Foul Ball, location: 2F 0-2: Ball 1-2: Ball 2-2: Ball 3-2: Base on Balls Alejandro Ramos to third Lonson Seals to second
|
Batting: RHB R.J. Crosby
|
0-0: Called Strike 0-1: Ground out U3 (Groundball, 34S)
|
Bottom of the 5th over - 0 runs, 2 hits, 0 errors, 3 left on base; Tuscaloosa 4 - Richmond 1 |
TOP OF THE 6TH |
Tuscaloosa Trout Slayers batting - Pitching for Richmond Flairs : LHP José Morán
|
Batting: RHB Greg Lee
|
0-0: Ball 1-0: Ball 2-0: Foul Ball, location: 2F 2-1: Hit by Pitch
|
Batting: RHB Alfredo Díaz
|
0-0: Foul Ball, location: 2F 0-1: Ball 1-1: Foul Ball, location: 2F 1-2: SINGLE (Line Drive, 7S) Greg Lee to second
|
Batting: RHB Juan Reyes
|
0-0: Called Strike 0-1: Swinging Strike 0-2: Ball 1-2: Strikes out swinging
|
Batting: LHB Ed Hart
|
0-0: Ball 1-0: Called Strike 1-1: Swinging Strike 1-2: Ball 2-2: Ball 3-2: Fly out, F8 (Flyball, 8LS)
|
Batting: RHB José Fernández
|
0-0: Called Strike 0-1: Foul Ball, location: 2F 0-2: Ball 1-2: Ball 2-2: SINGLE (Groundball, 56D) Greg Lee to third Alfredo Díaz to second Runner from 3rd tries for Home, SAFE, no throw
|
Batting: LHB Marcos Villarreal
|
0-0: Called Strike 0-1: Ball 1-1: Swinging Strike 1-2: Foul Ball, location: 2F 1-2: Ball 2-2: Foul Ball, location: 2F 2-2: Foul Ball, location: 2F 2-2: Ball 3-2: Strikes out swinging
|
Top of the 6th over - 1 run, 2 hits, 0 errors, 2 left on base; Tuscaloosa 5 - Richmond 1 |
BOTTOM OF THE 6TH |
Richmond Flairs batting - Pitching for Tuscaloosa Trout Slayers : RHP Tom Cunningham
|
Batting: LHB Luis Villa
|
0-0: Ball 1-0: Ball 2-0: Called Strike 2-1: Called Strike 2-2: Ball 3-2: Foul Ball, location: 2F 3-2: Foul Ball, location: 2F 3-2: Ground out 4-3 (Groundball, 4S)
|
Batting: LHB Claudio Rodríguez
|
0-0: Foul Ball, location: 2F 0-1: SOLO HOME RUN (Flyball, 9LD), Distance : 344 ft
|
Batting: RHB Miguel Hernández
|
0-0: Called Strike 0-1: Swinging Strike 0-2: Ball 1-2: Strikes out swinging
|
Batting: LHB R.J. Courtney
|
0-0: Ball 1-0: Ball 2-0: SOLO HOME RUN (Flyball, 9LD), Distance : 330 ft
|
Batting: RHB Christian Hudson
|
0-0: Fly out, F7 (Flyball, 7)
|
Bottom of the 6th over - 2 runs, 2 hits, 0 errors, 0 left on base; Tuscaloosa 5 - Richmond 3 |
TOP OF THE 7TH |
Tuscaloosa Trout Slayers batting - Pitching for Richmond Flairs : LHP José Morán
|
Batting: LHB Miguel Rosa
|
0-0: Ball 1-0: Ball 2-0: Ground out 4-3 (Groundball, 4S)
|
Batting: RHB Jason Saunders
|
0-0: Foul Ball, location: 2F 0-1: Ball 1-1: Swinging Strike 1-2: Strikes out looking
|
Batting: LHB Mark Owens
|
0-0: Called Strike 0-1: Foul Ball, location: 2F 0-2: Hit by Pitch
|
Batting: RHB Greg Lee
|
0-0: Ball 1-0: Foul Ball, location: 2F 1-1: Foul Ball, location: 2F 1-2: Strikes out swinging
|
Top of the 7th over - 0 runs, 0 hits, 0 errors, 1 left on base; Tuscaloosa 5 - Richmond 3 |
BOTTOM OF THE 7TH |
Richmond Flairs batting - Pitching for Tuscaloosa Trout Slayers : RHP Tom Cunningham
|
Pitching: RHP Víctor Vińa
|
|
Batting: RHB Alejandro Ramos
|
0-0: Called Strike 0-1: SINGLE (Flyball, 9S)
|
Batting: RHB Lonson Seals
|
0-0: Ball 1-0: Called Strike 1-1: Ball 2-1: Called Strike 2-2: Strikes out swinging
|
Batting: RHB Jack Ray
|
0-0: Ball 1-0: Fly out, F7 (Flyball, 7LS)
|
Batting: RHB R.J. Crosby
|
0-0: Ball 1-0: Foul Ball, location: 2F 1-1: Fly out, F8 (Flyball, 8RD)
|
Bottom of the 7th over - 0 runs, 1 hit, 0 errors, 1 left on base; Tuscaloosa 5 - Richmond 3 |
TOP OF THE 8TH |
Tuscaloosa Trout Slayers batting - Pitching for Richmond Flairs : LHP José Morán
|
Batting: RHB Alfredo Díaz
|
0-0: Called Strike 0-1: Ball 1-1: Foul Ball, location: 2F 1-2: Ball 2-2: Fly out, F9 (Flyball, 9S)
|
Batting: RHB Juan Reyes
|
0-0: Ball 1-0: Foul Ball, location: 2F 1-1: Foul Ball, location: 2F 1-2: Strikes out looking
|
Batting: LHB Ed Hart
|
0-0: Called Strike 0-1: Fly out, F4 (Popup, 4S)
|
Top of the 8th over - 0 runs, 0 hits, 0 errors, 0 left on base; Tuscaloosa 5 - Richmond 3 |
BOTTOM OF THE 8TH |
Richmond Flairs batting - Pitching for Tuscaloosa Trout Slayers : RHP Víctor Vińa
|
Pitching: LHP Dave Blackwell
|
|
Now in LF: Eddy Jefferson
|
|
Now in RF: Mark McDonald
|
|
Batting: LHB Luis Villa
|
0-0: Ball 1-0: Swinging Strike 1-1: Ground out 1-3 (Groundball, 13S)
|
Batting: LHB Claudio Rodríguez
|
0-0: Foul Ball, location: 2F 0-1: Swinging Strike 0-2: Ball 1-2: Strikes out swinging
|
Pitching: RHP Matt McGinnity
|
|
Batting: RHB Miguel Hernández
|
0-0: Ball 1-0: Foul Ball, location: 2F 1-1: Called Strike 1-2: Ball 2-2: Ball 3-2: Foul Ball, location: 2F 3-2: Foul Ball, location: 2F 3-2: Foul Ball, location: 2F 3-2: SINGLE (Groundball, 56D)
|
Batting: LHB R.J. Courtney
|
0-0: 2-RUN HOME RUN (Flyball, 89XD), Distance : 398 ft
|
Pitching: RHP Jesús Ramos
|
|
Pinch Hitting: LHB Roland Jones
|
0-0: Called Strike 0-1: Ball 1-1: Ball 2-1: Foul Ball, location: 2F 2-2: Strikes out looking
|
Bottom of the 8th over - 2 runs, 2 hits, 0 errors, 0 left on base; Tuscaloosa 5 - Richmond 5 |
TOP OF THE 9TH |
Tuscaloosa Trout Slayers batting - Pitching for Richmond Flairs : LHP José Morán
|
Pitching: RHP Frank Martin
|
|
Now at 3B: Liangde Que
|
|
Batting: RHB José Fernández
|
0-0: SINGLE (Groundball, 56S) (infield hit)
|
Batting: LHB Marcos Villarreal
|
0-0: Fly out, F7 (Flyball, 78D)
|
Batting: LHB Miguel Rosa
|
0-0: Called Strike 0-1: Foul Ball, location: 2F 0-2: Ball 1-2: Strikes out looking
|
Batting: RHB Jason Saunders
|
0-0: Foul Ball, location: 2F 0-1: Ball 1-1: Ball 2-1: Foul Ball, location: 2F 2-2: Foul Ball, location: 2F 2-2: Ground out 5-3 (Groundball, 56S)
|
Top of the 9th over - 0 runs, 1 hit, 0 errors, 1 left on base; Tuscaloosa 5 - Richmond 5 |
BOTTOM OF THE 9TH |
Richmond Flairs batting - Pitching for Tuscaloosa Trout Slayers : RHP Jesús Ramos
|
Batting: RHB Alejandro Ramos
|
0-0: Swinging Strike 0-1: Foul Ball, location: 2F 0-2: Ball 1-2: Foul Ball, location: 2F 1-2: Foul Ball, location: 2F 1-2: Ball 2-2: Strikes out swinging
|
Batting: RHB Lonson Seals
|
0-0: Ball 1-0: Ball 2-0: Called Strike 2-1: SINGLE (Line Drive, 7LS)
|
Batting: RHB Jack Ray
|
0-0: Foul Ball, location: 2F 0-1: Ground out U3 (Groundball, 3) Lonson Seals to second
|
Batting: RHB R.J. Crosby
|
0-0: Ball 1-0: Fly out, F9 (Flyball, 9S)
|
Bottom of the 9th over - 0 runs, 1 hit, 0 errors, 1 left on base; Tuscaloosa 5 - Richmond 5 |
TOP OF THE 10TH |
Tuscaloosa Trout Slayers batting - Pitching for Richmond Flairs : RHP Frank Martin
|
Batting: LHB Mark Owens
|
0-0: Called Strike 0-1: Fly out, F8 (Line Drive, 78D)
|
Batting: RHB Greg Lee
|
0-0: Fly out, F8 (Flyball, 8LM)
|
Pinch Hitting: RHB Kyle O'Day
|
0-0: Ball 1-0: Ball 2-0: Foul Ball, location: 2F 2-1: SOLO HOME RUN (Flyball, 7D), Distance : 352 ft
|
Batting: RHB Juan Reyes
|
0-0: Ball 1-0: Ball 2-0: Ball 3-0: Base on Balls
|
Batting: LHB Eddy Jefferson
|
0-0: Ball 1-0: Ball 2-0: Ball 3-0: Base on Balls Juan Reyes to second
|
Batting: RHB José Fernández
|
0-0: Called Strike 0-1: Called Strike 0-2: Strikes out swinging
|
Top of the 10th over - 1 run, 1 hit, 0 errors, 2 left on base; Tuscaloosa 6 - Richmond 5 |
BOTTOM OF THE 10TH |
Richmond Flairs batting - Pitching for Tuscaloosa Trout Slayers : RHP Jesús Ramos
|
Pitching: RHP Will Tyler
|
|
Now in RF: Kyle O'Day
|
|
Batting: LHB Luis Villa
|
0-0: Ball 1-0: Called Strike 1-1: Foul Ball, location: 2F 1-2: Foul Ball, location: 2F 1-2: Foul Ball, location: 2F 1-2: Strikes out swinging
|
Batting: LHB Claudio Rodríguez
|
0-0: Ball 1-0: Ball 2-0: Ball 3-0: Base on Balls
|
Pinch Runner at 1st Chris Charles:
|
|
Batting: RHB Miguel Hernández
|
0-0: Ball 1-0: Called Strike 1-1: Fly out, F7 (Flyball, 78M)
|
Batting: LHB R.J. Courtney
|
0-0: Ball Chris Charles steals 2nd base 1-0: Ball 2-0: Ball 3-0: Called Strike 3-1: Base on Balls
|
Batting: RHB Liangde Que
|
0-0: Ball 1-0: Ball 2-0: Foul Ball, location: 2F 2-1: Ball 3-1: Foul Ball, location: 2F 3-2: Foul Ball, location: 2F 3-2: Fly out, F8 (Flyball, 8RS)
|
Bottom of the 10th over - 0 runs, 0 hits, 0 errors, 2 left on base; Tuscaloosa 6 - Richmond 5 |
|